 Dungeon Crawl Stone Soup version 0.28-a0-1518-gbe868bca14 (webtiles) character file.

Game seed: 6764123823116066762

1612 sanka the Insei (level 8, 0/61 HPs)
             Began as a Gnoll Transmuter on Jan 16, 2022.
             Slain by an unseen horror (7 damage)
             ... on level 6 of the Dungeon.
             The game lasted 00:11:37 (6422 turns).

sanka the Insei (Gnoll Transmuter)                  Turns: 6422, Time: 00:11:38

Health: 0/61       AC:  2    Str: 10    XL:     8   Next: 95%
Magic:  12/17      EV: 23    Int: 20    God:
Gold:   306        SH:  0    Dex: 18    Spells: 9/19 levels left

rFire   . . .      SeeInvis .     - Unarmed
rCold   . . .      Faith    .   (shield currently unavailable)
rNeg    . . .      Spirit   .   (armour currently unavailable)
rPois   x          Reflect  .   (helmet currently unavailable)
rElec   .          Harm     .   (cloak currently unavailable)
rCorr   .          Rampage  .   (gloves currently unavailable)
Will    .....                   (boots currently unavailable)
Stlth   +++.......              (no amulet)
HPRegen 0.20/turn               (no ring)
MPRegen 0.15/turn               y - +6 ring of intelligence

@: spider-form, very slightly contaminated
A: venomous fangs, tiny, (fangs 1), strong nose, distributed training
a: End Transformation


You were on level 6 of the Dungeon.
You were a venomous arachnid creature.
You visited 1 branch of the dungeon, and saw 6 of its levels.

You collected 306 gold pieces.


Innate Abilities, Weirdness & Mutations

You are a venomous arachnid creature.
You have poisonous fangs.
You are tiny and dextrous.
Your spellcasting is less reliable in this form.
Your armour is entirely melded.
You are incapable of wielding weapons or throwing items.
((You have very sharp teeth.))
Your uncanny sense of smell can sniff out nearby items.
Your experience applies equally to all skills.


   Skills:
 + Level 4.5 Fighting
 + Level 3.7 Short Blades
 + Level 3.7 Long Blades
 + Level 3.7 Axes
 + Level 3.7 Maces & Flails
 + Level 3.7 Polearms
 + Level 3.7 Staves
 + Level 3.7 Slings
 + Level 3.7 Bows
 + Level 3.7 Crossbows
 + Level 3.7 Throwing
 + Level 3.7 Armour
 + Level 6.0 Dodging
 + Level 3.7 Stealth
 + Level 3.7 Shields
 + Level 7.6 Unarmed Combat
 + Level 6.3 Spellcasting
 + Level 3.0 Conjurations
 + Level 3.0 Hexes
 + Level 3.0 Summonings
 + Level 3.0 Necromancy
 + Level 3.0 Translocations
 + Level 4.9 Transmutations
 + Level 3.0 Fire Magic
 + Level 3.0 Ice Magic
 + Level 3.0 Air Magic
 + Level 3.0 Earth Magic
 + Level 3.0 Poison Magic
 + Level 4.1 Invocations
 + Level 3.7 Evocations


You had 9 spell levels left.
You knew the following spells:

 Your Spells              Type           Power      Damage    Failure   Level
c - Ice Form              Ice/Tmut       22%        N/A       38%         4
x - Spider Form           Tmut/Pois      22%        N/A       17%         3
y - Wereblood             Tmut           26%        N/A       8%          2
z - Beastly Appendage     Tmut           52%        N/A       6%          1

Your spell library contained the following spells:

 Spells                   Type           Power      Damage    Failure   Level
 Ignite Poison            Fire/Tmut/Pois 21%        N/A       19%         3
 Conjure Flame            Conj/Fire      18%        6-21      22%         3
 Gell's Gravitas          Tloc           18%        N/A       22%         3
 Lesser Beckoning         Tloc           18%        N/A       22%         3
 Teleport Other           Tloc           18%        N/A       22%         3
 Sticky Flame             Conj/Fire      18%        2d4       50%         4

Inventory:

Missiles
 q - 7 poisoned darts
 u - 4 curare-tipped darts {=f}
Armour
 h - a +1 robe of fire resistance
 v - the +0 robe of the Eternal Fruit (melded) {Archmagi}

   Archmagi:  It increases the power of your magical spells.
 w - a +2 robe of willpower
Magical Staves
 n - a staff of air
 p - a staff of conjuration {!a}
Jewellery
 y - a +6 ring of intelligence (right front leg)
Wands
 l - a wand of charming (10)
 m - a wand of iceblast (10)
Scrolls
 c - 5 scrolls of identify {unknown}
 e - 2 scrolls of magic mapping {unknown}
 f - 3 scrolls of teleportation {unknown}
 g - a scroll of silence {unknown}
 i - 2 scrolls of noise {unknown}
 j - a scroll of amnesia {unknown}
 k - a scroll of brand weapon {unknown}
 r - 3 scrolls of blinking {unknown}
 t - a scroll of fog {unknown}
Potions
 a - 2 potions of curing {unknown}
 b - 2 potions of might
 d - 4 potions of heal wounds {unknown}
 o - a potion of haste {unknown}
 s - a potion of cancellation {unknown}
 x - a potion of ambrosia {unknown}

Dungeon Overview and Level Annotations

Branches:
Dungeon (6/15)
 Temple: D:4-7

Altars:
Makhleb
Nemelex Xobeh
Qazlal

Shops:
D:2

( ▒▒▒ ▒▒ ▒▒... ..▒ ▒▒..▒
▒.▒ . ▒▒..▒▒▒▒▒..
..oo▒▒▒▒▒▒▒ ▒▒..▒.▒.▒...
.(oooo{s..▒▒▒....▒...▒..
....▒▒▒▒▒.....▒.▒....▒..
. ▒▒▒▒......⌠..▒..
▒...▒_.......
▒...▒..⌠.▒▒..
▒..▒▒....▒▒..
▒...▒....▒...
▒[...▒.▒.▒▒..
▒▒▒▒..▒.▒.▒.▒


You could see an orc priest, an orc wizard and 4 orcs.


Message History

The orc wizard shouts!
You hit something.
You hear a shout!
Something hits you.
* * * LOW HITPOINT WARNING * * *
Something misses you.
You hear a shout!
You hit something. Something barely misses you.
An orc comes into view. It is wielding a +0 whip.
An orc comes into view. It is wielding a +0 mace.
An orc comes into view. It is wielding a +0 club.
You bite something! Something closely misses you.
An orc priest comes into view. It is wielding a +0 dagger.
You hit something. Something hits you.
* * * LOW HITPOINT WARNING * * *
Something barely misses you.
Unknown command.
You barely miss something. Something barely misses you.
An orc comes into view. It is wielding a +0 flail.
You closely miss something. Something hits you!
* * * LOW HITPOINT WARNING * * *
Unknown command.
You hit something. Something hits you!
You die...

Action                   |  1- 3 |  4- 6 |  7- 9 || total
-------------------------+-------+-------+-------++-------
Melee: Unarmed           |    66 |   123 |   139 ||   328
       Headbutt          |     9 |     8 |     5 ||    22
       Kick              |    13 |     9 |     6 ||    28
       Bite              |     4 |     5 |     3 ||    12
       Punch             |       |       |     1 ||     1
 Cast: Beastly Appendage |    19 |    20 |     5 ||    44
       Spider Form       |     1 |     9 |    11 ||    21
 Abil: End Transformatio |       |     1 |       ||     1
 Stab: Sleeping          |     1 |     3 |       ||     4
Armor: Robe              |     4 |     9 |     3 ||    16
       Skin              |       |     2 |     4 ||     6
Dodge: Dodged            |    42 |    83 |   103 ||   228

Levels and vault maps discovered:
D:1:      minmay_arrival_open_corners, layout_basic, serial_park_tiny_pond
D:2:      layout_rooms, basic_altar, serial_shops, nicolae_shop_hallway_plus,
          uniq_jessica
D:3:      layout_basic, hellmonk_ecumenical_altar_watching_god, uniq_ijyb
D:4:      layout_rooms, nicolae_qazlal_scattered_showers
D:5:      layout_gridville, minmay_misc_feat_chi, minmay_misc_feat_columns,
          minmay_misc_feat_cross
D:6:      layout_rooms, mainiacjoe_overflow_swirl, serial_park_tiny_pond,
          minmay_ruined_shrine, uniq_grinder

Notes
Turn   | Place    | Note
-------+----------+-------------------------------------------
     0 | D:1      | sanka the Gnoll Transmuter began the quest for the Orb.
     0 | D:1      | Reached XP level 1. HP: 17/17 MP: 6/6
   134 | D:1      | Reached XP level 2. HP: 22/23 MP: 5/7
   434 | D:1      | Reached skill level 5 in Spellcasting
   434 | D:1      | Reached XP level 3. HP: 28/28 MP: 6/9
   447 | D:1      | Learned a level 2 spell: Wereblood
   451 | D:1      | Learned a level 3 spell: Spider Form
   635 | D:1      | Reached skill level 1 in Invocations
  1096 | D:2      | Noticed Jessica
  1252 | D:2      | Killed Jessica
  1253 | D:2      | Reached skill level 1 in Short Blades
  1253 | D:2      | Reached skill level 1 in Long Blades
  1253 | D:2      | Reached skill level 1 in Axes
  1253 | D:2      | Reached skill level 1 in Maces & Flails
  1253 | D:2      | Reached skill level 1 in Polearms
  1253 | D:2      | Reached skill level 1 in Staves
  1253 | D:2      | Reached skill level 1 in Slings
  1253 | D:2      | Reached skill level 1 in Bows
  1253 | D:2      | Reached skill level 1 in Crossbows
  1253 | D:2      | Reached skill level 1 in Throwing
  1253 | D:2      | Reached skill level 1 in Armour
  1253 | D:2      | Reached skill level 1 in Stealth
  1253 | D:2      | Reached skill level 1 in Shields
  1253 | D:2      | Reached skill level 1 in Evocations
  1253 | D:2      | Reached XP level 4. HP: 34/34 MP: 7/11
  1398 | D:2      | Reached skill level 1 in Conjurations
  1398 | D:2      | Reached skill level 1 in Hexes
  1398 | D:2      | Reached skill level 1 in Summonings
  1398 | D:2      | Reached skill level 1 in Necromancy
  1398 | D:2      | Reached skill level 1 in Translocations
  1398 | D:2      | Reached skill level 1 in Fire Magic
  1398 | D:2      | Reached skill level 1 in Ice Magic
  1398 | D:2      | Reached skill level 1 in Air Magic
  1398 | D:2      | Reached skill level 1 in Earth Magic
  1398 | D:2      | Reached skill level 1 in Poison Magic
  1525 | D:2      | Found Urhic's Antique Weapon Emporium.
  1572 | D:2      | Found a burning altar of Makhleb.
  1761 | D:3      | Noticed an eye of devastation
  1833 | D:3      | Reached XP level 5. HP: 20/40 MP: 9/12
  1841 | D:3      | Noticed an eye of devastation
  1842 | D:3      | Found a faded altar of an unknown god.
  2227 | D:3      | Noticed a shining eye
  2230 | D:3      | Noticed a shining eye
  2233 | D:3      | Noticed Ijyb
  2246 | D:3      | Killed Ijyb
  2247 | D:3      | Reached skill level 3 in Fighting
  2247 | D:3      | Reached skill level 4 in Transmutations
  3274 | D:4      | Found a stormy altar of Qazlal.
  3276 | D:4      | Reached XP level 6. HP: 47/47 MP: 11/13
  3327 | D:4      | Reached skill level 2 in Invocations
  3529 | D:5      | Entered Level 5 of the Dungeon
  4019 | D:5      | Reached skill level 2 in Short Blades
  4019 | D:5      | Reached skill level 2 in Long Blades
  4019 | D:5      | Reached skill level 2 in Axes
  4019 | D:5      | Reached skill level 2 in Maces & Flails
  4019 | D:5      | Reached skill level 2 in Polearms
  4019 | D:5      | Reached skill level 2 in Staves
  4019 | D:5      | Reached skill level 2 in Slings
  4019 | D:5      | Reached skill level 2 in Bows
  4019 | D:5      | Reached skill level 2 in Crossbows
  4019 | D:5      | Reached skill level 2 in Throwing
  4019 | D:5      | Reached skill level 2 in Armour
  4019 | D:5      | Reached skill level 5 in Dodging
  4019 | D:5      | Reached skill level 2 in Stealth
  4019 | D:5      | Reached skill level 2 in Shields
  4019 | D:5      | Reached skill level 2 in Evocations
  4324 | D:5      | Reached XP level 7. HP: 27/52 MP: 2/15
  4477 | D:5      | Reached skill level 7 in Unarmed Combat
  4537 | D:5      | Reached skill level 2 in Conjurations
  4537 | D:5      | Reached skill level 2 in Hexes
  4537 | D:5      | Reached skill level 2 in Summonings
  4537 | D:5      | Reached skill level 2 in Necromancy
  4537 | D:5      | Reached skill level 2 in Translocations
  4537 | D:5      | Reached skill level 2 in Fire Magic
  4537 | D:5      | Reached skill level 2 in Ice Magic
  4537 | D:5      | Reached skill level 2 in Air Magic
  4537 | D:5      | Reached skill level 2 in Earth Magic
  4537 | D:5      | Reached skill level 2 in Poison Magic
  4741 | D:5      | Identified the +0 robe of the Eternal Fruit {Archmagi}
  5173 | D:6      | Reached skill level 3 in Invocations
  5268 | D:6      | Reached XP level 8. HP: 34/60 MP: 12/16
  5277 | D:6      | Reached skill level 4 in Fighting
  5288 | D:6      | Reached skill level 3 in Short Blades
  5288 | D:6      | Reached skill level 3 in Long Blades
  5288 | D:6      | Reached skill level 3 in Axes
  5288 | D:6      | Reached skill level 3 in Maces & Flails
  5288 | D:6      | Reached skill level 3 in Polearms
  5288 | D:6      | Reached skill level 3 in Staves
  5288 | D:6      | Reached skill level 3 in Slings
  5288 | D:6      | Reached skill level 3 in Bows
  5288 | D:6      | Reached skill level 3 in Crossbows
  5288 | D:6      | Reached skill level 3 in Throwing
  5288 | D:6      | Reached skill level 3 in Armour
  5288 | D:6      | Reached skill level 3 in Stealth
  5288 | D:6      | Reached skill level 3 in Shields
  5288 | D:6      | Reached skill level 3 in Evocations
  5553 | D:6      | Reached skill level 6 in Spellcasting
  5806 | D:6      | Noticed Grinder
  6306 | D:6      | Paralysed by Grinder for 6 turns
  6316 | D:6      | Killed Grinder
  6317 | D:6      | Reached skill level 6 in Dodging
  6317 | D:6      | Reached skill level 3 in Conjurations
  6317 | D:6      | Reached skill level 3 in Hexes
  6317 | D:6      | Reached skill level 3 in Summonings
  6317 | D:6      | Reached skill level 3 in Necromancy
  6317 | D:6      | Reached skill level 3 in Translocations
  6317 | D:6      | Reached skill level 3 in Fire Magic
  6317 | D:6      | Reached skill level 3 in Ice Magic
  6317 | D:6      | Reached skill level 3 in Air Magic
  6317 | D:6      | Reached skill level 3 in Earth Magic
  6317 | D:6      | Reached skill level 3 in Poison Magic
  6317 | D:6      | Reached skill level 4 in Invocations
  6323 | D:6      | Found a sparkling altar of Nemelex Xobeh.
  6394 | D:6      | Learned a level 4 spell: Ice Form
  6422 | D:6      | Slain by an unseen horror

Vanquished Creatures
  Grinder (D:6)
  A water moccasin (D:6)
  An ice beast (D:6)
  A black bear (D:5)
  A necrophage (D:6)
  An ogre (D:5)
  2 phantoms
  A centaur (D:6)
  2 gnoll sergeants
  A water moccasin skeleton (D:6)
  2 bullfrog zombies (D:6)
  A bullfrog skeleton (D:6)
  2 hounds
  2 orc priests (D:5)
  Jessica (D:2)
  Ijyb (D:3)
  3 iguanas
  An orc wizard (D:3)
  5 gnolls
  A howler monkey skeleton (D:6)
  7 adders
  An ufetubus (D:5)
  A worm (D:3)
  5 dart slugs
  5 orcs
  7 endoplasms
  3 giant cockroaches
  5 goblins
  6 hobgoblins
  2 jackals (D:1)
  8 kobolds
  2 quokkas
  9 ball pythons
  4 bats
  10 rats
106 creatures vanquished.
